 Dungeon Crawl Stone Soup version 0.19-a0-957-gf4ea323 (webtiles) character file.

2600 Duffy the Cudgeler (level 9, -3/55 HPs)
             Began as a Gargoyle Earth Elementalist on July 10, 2016.
             Was an Elder of Cheibriados.
             Slain by a red ugly thing (12 damage)
             ... on level 9 of the Dungeon.
             The game lasted 00:13:47 (8336 turns).

Duffy the Cudgeler (Gargoyle Earth Elementalist)    Turns: 8336, Time: 00:13:47

Health: -3/55      AC: 29    Str: 25    XL:     9   Next: 59%
Magic:  12/12      EV:  4    Int: 24    God:    Cheibriados [****..]
Gold:   360        SH:  4    Dex: 19    Spells: 3 memorised, 7 levels left

rFire  + . .     SeeInvis .     a - +2 flail (protect)
rCold  + . .     Gourm    .     j - +0 gold dragon armour
rNeg   + . .     Faith    .     G - +0 buckler
rPois  ∞         Spirit   .     (no helmet)
rElec  +         Dismiss  .     (no cloak)
rCorr  .         Reflect  .     (no gloves)
SustAt .         Harm     +     (no boots)
MR     .....                    z - amulet of harm
Stlth  ..........               M - ring of wizardry
                                k - +3 ring of protection

@: very slow, not resistant to hostile enchantments, extremely unstealthy
A: negative energy resistance 1, electricity resistance, unbreathing,
petrification resistance, rot immunity, AC +5
a: Bend Time, Temporal Distortion, Slouch, Renounce Religion


You were on level 9 of the Dungeon.
You worshipped Cheibriados.
Cheibriados was greatly pleased with you.
You were not hungry.

You visited 1 branch of the dungeon, and saw 9 of its levels.
You also visited: Sewer.

You collected 360 gold pieces.


Innate Abilities, Weirdness & Mutations

You are resistant to torment.
Your stone body is resilient. (AC +5)
You are immune to poison.
You resist negative energy. (rN+)
You are resistant to electric shocks. (rElec)
You can survive without breathing.
You are immune to petrification.
You are immune to rotting.


   Skills:
 - Level 6.2 Fighting
 - Level 7.8 Maces & Flails
 + Level 6.8 Armour
 - Level 1.5 Dodging
 - Level 2.2 Stealth
 - Level 2.5 Spellcasting
 - Level 2.0 Conjurations
 - Level 0.8 Transmutations
 - Level 6.0 Earth Magic


You had 7 spell levels left.
You knew the following spells:

 Your Spells              Type           Power        Failure   Level  Hunger
a - Sandblast             Erth           ####..       58%         1    None
c - Stone Arrow           Conj/Erth      ###...       99%         3    ###....
p - Passwall              Tmut/Erth      ###.......   98%         2    ##.....

Inventory:

Hand Weapons
 a - a +2 flail of protection (weapon)
Missiles
 b - 231 stones (quivered)
 m - 2 throwing nets
Armour
 j - a +0 gold dragon armour (worn)
 G - a +0 buckler (worn)
Jewellery
 k - a +3 ring of protection (left hand)
 s - an uncursed amulet of dismissal
 z - an amulet of harm (around neck)
 M - a ring of wizardry (right hand)
Wands
 y - a wand of iceblast (5/15)
 C - a wand of teleportation (9/9)
 L - a wand of teleportation (2/9)
Scrolls
 f - a scroll of summoning {unknown}
 h - 2 scrolls of remove curse
 l - a scroll of immolation {unknown}
 o - 2 scrolls of fear
 q - a scroll of brand weapon {unknown}
 v - 2 scrolls of teleportation {unknown}
 w - a scroll of amnesia {unknown}
 x - 2 scrolls of recharging
 B - 3 scrolls of blinking
 D - a scroll of random uselessness {unknown}
 E - 2 scrolls of enchant weapon {unknown}
 F - a scroll of enchant armour {unknown}
Potions
 c - a potion of curing {unknown}
 g - 3 potions of invisibility
 i - 3 potions of agility
 p - a potion of flight {unknown}
 r - a potion of cure mutation {unknown}
 t - 2 potions of brilliance
 u - 2 potions of heal wounds {unknown}
 H - a potion of ambrosia {unknown}
Books
 e - a book of Geomancy
 I - a Necronomicon
 J - a book of Party Tricks
Comestibles
 d - 5 bread rations
 n - 2 beef jerkies
 A - a slice of pizza

Dungeon Overview and Level Annotations

Branches:
Dungeon (9/15)             Temple (0/1) D:4
   Lair: D:8-11         Orc: D:9-12

Altars:
Cheibriados
Elyvilon
Fedhas
Ru
Sif Muna
Uskayaw
Vehumet
Zin
The Shining One

Shops:
D:9 (


Message History

You sock the red ugly thing!
The red ugly thing is heavily wounded.
The red ugly thing claws you but does no damage.
You closely miss the red ugly thing.
The red ugly thing is heavily wounded.
The red ugly thing barely misses you.
You closely miss the red ugly thing.
The red ugly thing is heavily wounded.
The red ugly thing closely misses you.
You hit the red ugly thing but do no damage.
The red ugly thing is heavily wounded.
The red ugly thing claws you but does no damage.
You closely miss the red ugly thing.
The red ugly thing is heavily wounded.
The red ugly thing claws you.
You are engulfed in flames!
You resist.
You are too injured to fight recklessly!
You are too injured to fight recklessly!
You are too injured to fight recklessly!
You are too injured to fight recklessly!
You are too injured to fight recklessly!
You are too injured to fight recklessly!
You are too injured to fight recklessly!
You are too injured to fight recklessly!
You are too injured to fight recklessly!
You are too injured to fight recklessly!
You are too injured to fight recklessly!
You are too injured to fight recklessly!
You are too injured to fight recklessly!
You are too injured to fight recklessly!
You are too injured to fight recklessly!
You are too injured to fight recklessly!
You are too injured to fight recklessly!
You are too injured to fight recklessly!
You are too injured to fight recklessly!
You thump the red ugly thing!
The red ugly thing is heavily wounded.
The red ugly thing claws you but does no damage.
You thump the red ugly thing!
The red ugly thing is almost dead.
The red ugly thing claws you but does no damage.
Your gold dragon armour prevents you from hitting the red ugly thing.
The red ugly thing is almost dead.
The red ugly thing barely misses you.
You barely miss the red ugly thing.
The red ugly thing is almost dead.
The red ugly thing claws you but does no damage.
You hit the red ugly thing but do no damage.
The red ugly thing is almost dead.
The red ugly thing claws you.
You are engulfed in flames!
You resist.
You die...

#......P.P..##.########
####.#..\P.............
.......PP....#.########
####..(....###.#
..###..%...# #>#
#.......##.###.###
###..##..#.......#
#....##.###...#.#
...##..#.# #.###@# ###
#.#.# #.# #.u..# <..#
.. ####..# ##.... .#
#.#.# # ..# #..


You could see a red ugly thing.

Action                   |  1- 3 |  4- 6 |  7- 9 || total
-------------------------+-------+-------+-------++-------
Melee: Flail             |    26 |   142 |   328 ||   496
 Cast: Sandblast         |    72 |    97 |    26 ||   195
       Stone Arrow       |       |     7 |     3 ||    10
  Use: Scroll            |       |     1 |    10 ||    11
 Stab: Sleeping          |       |     4 |       ||     4
  Eat: Chunk             |     3 |    11 |     6 ||    20
Armor: Robe              |    29 |    91 |    11 ||   131
       Gold dragon armou |       |       |   395 ||   395
Dodge: Dodged            |    56 |   172 |   104 ||   332
Block: Buckler           |       |       |    29 ||    29

Notes
Turn   | Place    | Note
-------+----------+-------------------------------------------
     0 | D:1      | Duffy the Gargoyle Earth Elementalist began the quest for the Orb.
     0 | D:1      | Reached XP level 1. HP: 10/10 MP: 3/3
   295 | D:1      | Reached XP level 2. HP: 7/15 MP: 0/5
   571 | D:1      | Learned a level 2 spell: Passwall
   579 | D:1      | Reached skill level 4 in Earth Magic
   689 | D:1      | Reached XP level 3. HP: 17/19 MP: 0/6
   924 | D:1      | Learned a level 3 spell: Stone Arrow
  1227 | D:1      | Reached skill level 1 in Fighting
  1600 | D:2      | Reached XP level 4. HP: 24/25 MP: 5/7
  1676 | D:1      | Reached skill level 5 in Earth Magic
  1928 | D:2      | Reached skill level 2 in Fighting
  2335 | D:2      | Reached XP level 5. HP: 31/31 MP: 8/8
  3104 | D:3      | Reached skill level 1 in Conjurations
  3207 | D:3      | Found a sacrificial altar of Ru.
  3207 | D:3      | Found a snail-covered altar of Cheibriados.
  3208 | D:3      | Found a deep blue altar of Sif Muna.
  3214 | D:3      | Became a worshipper of Cheibriados the Contemplative
  3294 | D:3      | Found a white marble altar of Elyvilon.
  3294 | D:3      | Found a radiant altar of Vehumet.
  3454 | D:3      | Reached skill level 2 in Conjurations
  3546 | D:3      | Reached skill level 6 in Earth Magic
  3859 | D:3      | Found a glowing silver altar of Zin.
  3859 | D:3      | Noticed an angel
  3922 | D:3      | Reached * piety under Cheibriados
  4045 | D:4      | Reached skill level 3 in Fighting
  4045 | D:4      | Reached XP level 6. HP: 29/37 MP: 9/9
  4126 | D:4      | Reached skill level 4 in Fighting
  4721 | D:4      | Reached skill level 5 in Fighting
  4847 | D:4      | Reached XP level 7. HP: 44/44 MP: 10/10
  4858 | D:4      | Found a staircase to the Ecumenical Temple.
  5007 | D:4      | Found a hide-covered altar of Uskayaw.
  5008 | D:4      | Found a glowing golden altar of the Shining One.
  5222 | D:4      | Reached skill level 6 in Fighting
  5307 | D:4      | Reached ** piety under Cheibriados
  5318 | D:4      | Reached skill level 1 in Armour
  5616 | D:5      | Entered Level 5 of the Dungeon
  5727 | D:5      | Upgraded the game from 0.19-a0-944-gb338e1e to 0.19-a0-957-gf4ea323
  5787 | D:5      | Found a glowing drain.
  5809 | D:5      | Reached skill level 2 in Armour
  5822 | Sewer    | Entered a sewer
  5919 | Sewer    | Reached skill level 1 in Maces & Flails
  5977 | Sewer    | Noticed Purgy
  5989 | Sewer    | Killed Purgy
  6126 | D:5      | Reached *** piety under Cheibriados
  6150 | D:5      | Reached skill level 2 in Maces & Flails
  6469 | D:6      | Reached skill level 3 in Armour
  6469 | D:6      | Reached XP level 8. HP: 46/51 MP: 11/11
  6495 | D:6      | Reached skill level 3 in Maces & Flails
  6606 | D:6      | Found a blossoming altar of Fedhas.
  6795 | D:6      | Reached skill level 4 in Armour
  6934 | D:7      | Reached skill level 4 in Maces & Flails
  6975 | D:7      | Noticed Menkaure
  7003 | D:7      | Reached skill level 5 in Armour
  7008 | D:7      | Killed Menkaure
  7281 | D:7      | Reached skill level 5 in Maces & Flails
  7281 | D:7      | Reached skill level 6 in Armour
  7384 | D:7      | Reached XP level 9. HP: 55/55 MP: 12/12
  7536 | D:8      | Reached **** piety under Cheibriados
  7658 | D:8      | Reached skill level 6 in Maces & Flails
  8144 | D:8      | Reached skill level 7 in Maces & Flails
  8258 | D:9      | Found Gero's Antique Weapon Shop.
  8321 | D:9      | Noticed a red ugly thing
  8336 | D:9      | Slain by a red ugly thing

Skill      XL: |  1  2  3  4  5  6  7  8  9 |
---------------+----------------------------+-----
Earth Magic    | 4 5 6 |  6.0
Fighting       | 1 2 3 5 6 |  6.2
Conjurations   | 2 |  2.0
Armour         | 3 6 |  6.8
Maces & Flails | 2 5 7 |  7.8
Dodging        | |  1.5
Stealth        | |  2.2
Spellcasting   | |  2.5
Transmutations | |  0.8

Vault maps used:
D:1:      nagdon_arrival_zigzag_paths, minmay_cut_off
D:2:      serial_undead, serial_undead_d, serial_undead_c, serial_undead_e,
          serial_undead_a, minmay_door_square, minmay_pentomino_p4
D:3:      zin_angel, amethyst_overflow_temple_binary,
          gammafunk_temple_overflow_claw
D:4:      gammafunk_temple_overflow_statue, first_bread
D:5:      portal_sewer_entry_c
D:6:      basic_altar, uniq_edmund
D:7:      uniq_menkaure
D:9:      dpeg_oklobed_lair, serial_shops, nicolae_shop_overgrown_old_shop,
          blue_anna_alchemist, minmay_strange_pillars
Sewer:    sewer_co_purgy_island

Vanquished Creatures
  3 yaks
  A hippogriff Menkaure Purgy
  A phantom
  3 centaurs
  3 ogres
  3 giant frogs
  A gnoll sergeant
  A scorpion
  2 howler monkeys
  2 orc priests
  A centaur skeleton
  2 hounds
  11 worker ants
  3 orc wizards
  2 hound zombies
  A howler monkey zombie
  A worker ant zombie
  8 adders
  12 gnolls
  A river rat
  A shadow imp
  An ooze
  An adder zombie
  A worm
  4 dart slugs
  3 giant geckos
  14 orcs
  8 ball pythons
  10 bats
  7 giant cockroaches
  9 goblins
  9 hobgoblins
  4 jackals
  3 quokkas
  A ball python zombie
  2 giant gecko skeletons
  A giant gecko zombie
  11 giant newts
  A jackal skeleton
  A jackal zombie
  8 kobolds
  3 quokka zombies
  16 rats
183 creatures vanquished.
